 Dungeon Crawl Stone Soup version 0.24.0-41-g2ae2f7f1be (webtiles) character file.

Game seed: 15487557852908383143, levelgen mode: deterministic

23565 Descartes the Covert (level 12, -19/57 HPs)
             Began as a Felid Monk on Dec 14, 2019.
             Killed from afar by Frances (29 damage)
             ... with an iron shot
             ... on level 12 of the Dungeon on Dec 15, 2019.
             The game lasted 01:19:57 (34114 turns).

Descartes the Covert (Felid Monk)                  Turns: 34114, Time: 01:19:57

Health: -19/57     AC:  5    Str: 11      XL:     12   Next: 73%
Magic:  0/31       EV: 29    Int: 10      God:
Gold:   1681       SH:  0    Dex: 18 (21) Spells: 15/23 levels left
                                        Lives:  0   Deaths: 3

rFire    . . .     SeeInvis +     - Unarmed
rCold    + . .     Gourm    .   (shield unavailable)
rNeg     . . .     Faith    .   (armour unavailable)
rPois    +         Spirit   +   (helmet unavailable)
rElec    .         Reflect  .   (cloak unavailable)
rCorr    .         Harm     .   (gloves unavailable)
MR       ++...                  (boots unavailable)
Stlth    ++++++....             q - amulet of guardian spirit
HPRegen  0.19/turn              y - ring of magical power
MPRegen  0.22/turn              p - ring "Collomma" {rPois MR+ SInv}

@: quick
A: very small, no armour, no weapons or thrown items, stealth, claws 1, fangs 3,
horns 1, slimy green scales 1, see invisible, agile 1, carnivore, deterioration
1, dopey 1, speed 1, shaggy fur 3, slow metabolism 1, sharp paws
a: no special abilities


You were on level 12 of the Dungeon.
You were completely stuffed.

You visited 4 branches of the dungeon, and saw 19 of its levels.
You also visited: Sewer and Ossuary.

You collected 1903 gold pieces.
You spent 222 gold pieces at shops.

Inventory:

Missiles
 d - 395 stones
 g - 269 arrows
Jewellery
 e - an uncursed amulet of the acrobat
 f - an uncursed ring of protection from cold
 i - a +3 ring of evasion
 p - the ring "Collomma" (right paw) {rPois MR+ SInv}
   (You acquired it on level 6 of the Dungeon)

   [ring of protection from magic]

   It protects you from poison.
   It affects your resistance to hostile enchantments.
   It lets you see invisible.
 q - an amulet of guardian spirit (around neck)
 y - a ring of magical power (left paw)
 z - an uncursed ring of positive energy
 I - a +4 ring of intelligence
 K - the amulet "Rayky" {Gourm rN+}
   (You found it on level 11 of the Dungeon)

   [amulet of the gourmand]

   It allows you to eat raw meat even when not hungry.
   It protects you from negative energy.
 L - an uncursed ring of resist corrosion
 N - a +4 ring of intelligence
Wands
 C - a wand of acid (12)
 E - a wand of random effects (44)
 F - a wand of polymorph (14)
 H - a wand of iceblast (22)
Scrolls
 h - 3 scrolls of enchant weapon
 j - 5 scrolls of remove curse
 k - 5 scrolls of teleportation
 r - 2 scrolls of fog
 u - 2 scrolls of blinking
 v - 2 scrolls of fear
 A - a scroll of brand weapon
 B - 2 scrolls of enchant armour
 G - 2 scrolls of amnesia
 J - 4 scrolls of immolation
 M - 6 scrolls of identify
Potions
 b - 8 potions of haste
 c - 3 potions of magic
 l - a potion of cancellation
 m - 2 potions of agility
 n - 2 potions of lignification
 o - 9 potions of curing
 s - 3 potions of flight
 t - 2 potions of invisibility
 w - 2 potions of ambrosia
 D - 2 potions of brilliance
Comestibles
 a - 33 rations


   Skills:
 + Level 9.6 Fighting
 + Level 12.1 Dodging
 + Level 13.1 Stealth
 * Level 12.9 Unarmed Combat
 + Level 6.4 Spellcasting
 + Level 7.0 Transmutations
 + Level 7.0 Evocations


You had 15 spell levels left.
You knew the following spells:

 Your Spells              Type           Power        Failure   Level  Hunger
a - Beastly Appendage     Tmut           ###...       1%          1    None
b - Sticks to Snakes      Tmut           ###.....     1%          2    ##.....
c - Blade Hands           Tmut           ###.......   30%         5    ######.

Your spell library contained the following spells:

 Spells                   Type           Power        Failure   Level  Hunger
 Spider Form              Tmut/Pois      ##........   14%         3    ###....
 Animate Skeleton         Necr           N/A          21%         1    None
 Pain                     Necr           #...         21%         1    None
 Ice Form                 Ice/Tmut       ##......     43%         4    ####...
 Regeneration             Chrm/Necr      #.........   52%         3    ###....
 Vampiric Draining        Necr           #.........   52%         3    ###....
 Animate Dead             Necr           N/A          89%         4    ####...


Dungeon Overview and Level Annotations

Branches:
Dungeon (12/15)            Temple (1/1) D:7            Lair (4/6) D:11
    Orc (2/2) D:9             Elf (0/3) Orc:2         Sewer (visited)
Ossuary (visited)
  Swamp: Lair:2-4    Shoals: Lair:2-4     Snake: Lair:2-4    Spider: Lair:2-4

Altars:
Ashenzari
Cheibriados
Dithmenos
Elyvilon
Fedhas
Gozag
Hepliaklqana
Kikubaaqudgha
Makhleb
Nemelex Xobeh
Okawaru
Qazlal
Ru
Sif Muna
Trog
Uskayaw
Vehumet
Wu Jian
Xom
Yredelemnul
Zin
The Shining One

Shops:
D:6 !   D:10 (   Orc:1 (=[(   Orc:2 *[*

Annotations:
D:4 1 runed translucent door, Crazy Yiuf
D:6 2 transporters
D:12 1 runed translucent door, Frances; Plazmod's ghost, journeyman DECj
Lair:1 fritzmikael's ghost, journeyman OgWz
Orc:2 exclusion: upstairs


Innate Abilities, Weirdness & Mutations

You cannot wear armour.
You are incapable of wielding weapons or throwing items.
Your paws allow you to move quietly. (Stealth)
You have sharp claws.
You have razor-sharp teeth.
You have supernaturally acute eyesight. (SInv)
You are carnivorous and can eat meat at any time.
You cover ground quickly.
Your thick and shaggy fur keeps you warm. (AC +3, rC+)
You have a slow metabolism.
Your sharp claws are effective at attacking unaware monsters.
You have a pair of small horns on your head.
You are partially covered in slimy green scales. (AC +2)
You are agile. (Dex +2)
Your body sometimes deteriorates upon taking damage.
You are dopey. (Int -2)


Message History

You scratch Frances.
Frances is heavily wounded.
Frances mutters a nigh-unspeakable word.
Frances whispers indecipherable words.
The shard of ice hits you!! You partially resist.
The neqoxec completely misses you.
You scratch Frances. You bite Frances.
Frances is heavily wounded.
Frances misses you.
You closely miss Frances. Your headbutt misses Frances.
Frances is heavily wounded.
The neqoxec misses you.
Frances hits you with a +4 battleaxe of flaming!
* * * LOW HITPOINT WARNING * * *
Frances burns you.
* * * LOW HITPOINT WARNING * * *
The neqoxec gestures.
Frances whispers indecipherable words.
The iron shot hits you!!
Ouch! That really hurt!
You die...

.........+.....#................#
.........#.....#................#
.........#.....#................#
.........#...<.'................#
.........#.....#................#
#...########'###.......@........#
#...##.#......5...@######'###....
.......#......5.3..# #...#....
>......#.......<@..# #...#....
....)..'.....).....# #...#...@
########...........######'###....
...........#######.........####'#
...........# #.........#...4.
...........# #.........#.....
...........# #.........#.....
...........# ###.........#....#
########'### #.....#######....#


You could see Frances, a neqoxec, a quasit and a shadow imp.

Vanquished Creatures
  The ghost of ReteAZ the Severer, a journeyman DDFi of Makhleb (Orc:2)
  A centaur warrior (D:12)
  3 death yaks (Lair:2)
  2 two-headed ogres (D:11)
  2 orc high priests (Orc:2)
  Sonja (Lair:2)
  Nergalle (Lair:2)
  An unseen horror (D:12)
  An orc knight (Orc:2)
  A deep elf mage (D:12)
  A manticore (D:12)
  2 orc sorcerers (Orc:2)
  4 elephants
  Maurice (D:9)
  2 black mambas (Lair:2)
  Psyche (D:8)
  4 spiny frogs
  A centaur skeleton (D:12)
  3 komodo dragons
  A rime drake (Lair:1)
  3 trolls
  A queen bee (Lair:1)
  5 slime creatures
  2 hornets
  3 blink frogs (Lair:3)
  3 hippogriffs
  Sigmund (D:2)
  8 spriggans
  6 wraiths (D:12)
  8 yaks
  Grum (D:7)
  3 hungry ghosts
  3 wargs
  5 porcupines
  9 water moccasins
  20 orc warriors
  2 sky beasts (D:10)
  An ice beast (D:11)
  4 phantoms
  A black bear (D:9)
  12 ogres
  9 wolves
  7 centaurs
  7 crocodiles
  2 big kobolds
  3 elf zombies (D:5)
  13 bullfrogs
  A scorpion (D:11)
  19 killer bees
  5 wights
  5 crimson imps
  2 centaur zombies
  2 bullfrog zombies
  3 human zombies
  6 hounds
  3 jellies
  13 orc priests
  A bullfrog skeleton (D:7)
  4 iguanas
  19 orc wizards
  11 worker ants
  2 mummies (Ossuary)
  A worker ant zombie (D:8)
  6 gnolls
  16 adders
  6 river rats (D:6)
  2 shadow imps
  3 oozes
  An adder zombie (D:7)
  2 adder skeletons
  5 worms
  3 leopard geckos
  64 orcs
  6 giant cockroaches
  8 goblins
  11 hobgoblins
  13 jackals
  20 kobolds
  2 quokkas
  2 ball pythons (D:2)
  10 bats
  5 frilled lizards
  2 goblin zombies (Ossuary)
  11 hobgoblin zombies (Ossuary)
  A jackal zombie (Ossuary)
  14 kobold zombies (Ossuary)
  A leopard gecko zombie (D:7)
  An orc skeleton (D:5)
  4 orc zombies
  15 rats
  3 rat zombies (Ossuary)
510 creatures vanquished.

Vanquished Creatures (others)
  An orc priest (Orc:2)
  An orc (Orc:2)
  3 fungi
  3 plants
8 creatures vanquished.

Grand Total: 518 creatures vanquished

Notes
Turn   | Place    | Note
-------+----------+-------------------------------------------
     0 | D:1      | Descartes the Felid Monk began the quest for the Orb.
     0 | D:1      | Reached XP level 1. HP: 10/10 MP: 2/2
   507 | D:1      | Reached skill level 3 in Stealth
   607 | D:1      | Reached XP level 2. HP: 14/14 MP: 3/3
  1148 | D:1      | Reached XP level 3. HP: 17/17 MP: 4/4
  1982 | D:2      | Reached skill level 4 in Stealth
  2056 | D:2      | Noticed Sigmund
  2096 | D:2      | Reached XP level 4. HP: 19/21 MP: 5/5
  2390 | D:2      | Gained mutation: You do not regenerate when monsters are
                  | visible. [potion of mutation]
  2390 | D:2      | Gained mutation: You are dopey. (Int -2) [potion of
                  | mutation]
  2390 | D:2      | Gained mutation: You are partially covered in slimy green
                  | scales. (AC +2) [potion of mutation]
  2636 | D:2      | Killed Sigmund
  2636 | D:2      | Reached skill level 5 in Dodging
  2636 | D:2      | Reached skill level 5 in Stealth
  2636 | D:2      | Reached XP level 5. HP: 23/25 MP: 6/6
  2636 | D:2      | Gained mutation: You are covered in thick fur. (AC +2)
                  | [Felid growth]
  2636 | D:2      | Reached XP level 6. HP: 26/28 MP: 7/7
  2899 | D:2      | Found a faded altar of an unknown god.
  3842 | D:4      | Reached skill level 6 in Stealth
  3932 | D:4      | Reached skill level 5 in Unarmed Combat
  3932 | D:4      | Reached skill level 1 in Evocations
  4078 | D:4      | Reached XP level 7. HP: 6/32 MP: 8/8
  4420 | D:4      | Reached skill level 7 in Stealth
  4994 | D:4      | Found a runed translucent door.
  4995 | D:4      | Noticed Crazy Yiuf
  5274 | D:5      | Entered Level 5 of the Dungeon
  5322 | D:5      | Found a sand-covered staircase.
  5386 | Ossuary  | Entered an ossuary
  5925 | D:5      | Reached XP level 8. HP: 30/36 MP: 10/10
  6000 | D:5      | Reached skill level 8 in Stealth
  6566 | D:5      | Reached skill level 5 in Fighting
  7706 | D:6      | Found a glowing drain.
  7717 | Sewer    | Entered a sewer
  7837 | Sewer    | Found a glowing silver altar of Zin.
  7993 | D:6      | Found Rotoad's Distillery.
  8001 | D:6      | Bought a potion of ambrosia for 88 gold pieces
  8001 | D:6      | Bought a potion of degeneration for 11 gold pieces
  8001 | D:6      | Bought a potion of might for 44 gold pieces
  8004 | D:6      | Bought a potion of might for 44 gold pieces
  8556 | D:6      | Found a transporter.
  8557 | D:6      | Found an ancient bone altar of Kikubaaqudgha.
  8558 | D:6      | Found a transporter.
  8558 | D:6      | Found a shimmering altar of Xom.
  8559 | D:6      | Found an opulent altar of Gozag.
  8559 | D:6      | Noticed an orc knight
  8759 | D:6      | Reached XP level 9. HP: 41/41 MP: 12/12
  9096 | D:6      | Identified a scroll of acquirement
  9098 | D:6      | Got a clouded amber ring
  9099 | D:6      | Identified the ring "Collomma" {rPois MR+ SInv} (You
                  | acquired it on level 6 of the Dungeon)
  9405 | D:6      | Reached skill level 1 in Spellcasting
  9600 | D:7      | Learned a level 1 spell: Beastly Appendage
  9603 | D:7      | Learned a level 2 spell: Sticks to Snakes
  9667 | D:7      | HP: 1/41 [orc warrior/+0 long sword (14)]
 10307 | D:7      | Found a blossoming altar of Fedhas.
 10353 | D:7      | Found a staircase to the Ecumenical Temple.
 10394 | Temple   | Entered the Ecumenical Temple
 10746 | D:7      | Reached skill level 1 in Transmutations
 11329 | D:7      | Reached skill level 9 in Stealth
 11524 | D:8      | Noticed Grum
 11660 | D:7      | Killed Grum
 11999 | D:8      | Noticed Psyche
 12385 | D:8      | Found a shimmering blue altar of Sif Muna.
 12625 | D:8      | Killed Psyche
 12625 | D:8      | Reached XP level 10. HP: 33/46 MP: 14/14
 12743 | D:8      | Found a snail-covered altar of Cheibriados.
 12812 | D:9      | Noticed Maurice
 12814 | D:9      | Killed Maurice
 13132 | D:9      | Lost mutation: You do not regenerate when monsters are
                  | visible. [potion of mutation]
 13132 | D:9      | Lost mutation: You are dopey. (Int -2) [potion of mutation]
 13132 | D:9      | Gained mutation: You are dopey. (Int -2) [potion of
                  | mutation]
 13132 | D:9      | Gained mutation: You are agile. (Dex +2) [potion of
                  | mutation]
 13132 | D:9      | Gained mutation: You have a pair of small horns on your
                  | head. [potion of mutation]
 13166 | D:9      | Found a staircase to the Orcish Mines.
 13225 | D:9      | HP: 2/46 [slime creature (6)]
 14097 | D:8      | Reached skill level 10 in Stealth
 14359 | D:9      | Reached skill level 5 in Evocations
 14979 | Orc:1    | Entered Level 1 of the Orcish Mines
 15375 | Orc:1    | Found Paniwn's Weapon Emporium.
 15497 | Orc:2    | Entered Level 2 of the Orcish Mines
 15984 | Orc:2    | Found a runed translucent gate.
 15985 | Orc:2    | Found a runed translucent gate.
 16046 | Orc:2    | Found a runed translucent gate.
 16047 | Orc:2    | Found an opulent altar of Gozag.
 16047 | Orc:2    | Found Jaqe's Assorted Antiques.
 16048 | Orc:2    | Noticed ReteAZ's ghost (journeyman DDFi)
 16087 | Orc:2    | Slain by ReteAZ's ghost
 16088 | Orc:2    | Reached XP level 9. HP: -4/43 MP: 0/23
 16174 | Orc:2    | Killed ReteAZ's ghost
 16174 | Orc:2    | Reached skill level 10 in Unarmed Combat
 16174 | Orc:2    | Reached XP level 10. HP: 47/47 MP: 16/16
 16424 | Orc:2    | Bought a scroll labeled JASKEI ARHI for 35 gold pieces
 16579 | Orc:2    | Noticed an orc knight
 17039 | Orc:1    | Found Zymeak's Jewellery Boutique.
 17041 | Orc:1    | Found Irokant's Antique Armour Boutique.
 17079 | Orc:1    | Found Ucegoerr's Antique Weapon Boutique.
 18730 | Orc:2    | Noticed an orc high priest
 18739 | Orc:2    | Reached skill level 10 in Dodging
 18743 | Orc:2    | Noticed a sun demon
 18743 | Orc:2    | Noticed a rust devil
 18748 | Orc:2    | Gained mutation: Your body sometimes deteriorates upon
                  | taking damage. [a neqoxec]
 18844 | Orc:2    | Noticed an orc sorcerer
 18854 | Orc:2    | Killed an orc sorcerer
 18854 | Orc:2    | Reached skill level 11 in Stealth
 19056 | Orc:2    | Noticed an orc high priest
 19073 | Orc:2    | Noticed a smoke demon
 19087 | Orc:2    | Noticed an orange demon
 19428 | Orc:2    | Found a staircase to the Elven Halls.
 19608 | Orc:2    | Noticed an orc sorcerer
 19609 | Orc:2    | Noticed an orc knight
 19609 | Orc:2    | Noticed an orc sorcerer
 19610 | Orc:2    | Noticed an orc high priest
 19610 | Orc:2    | Noticed an orc knight
 19613 | Orc:2    | Noticed a rust devil
 20125 | Orc:2    | Noticed an orc knight
 20285 | Orc:2    | Killed an orc knight
 20580 | Orc:2    | Killed an orc high priest
 20580 | Orc:2    | Reached XP level 11. HP: 30/51 MP: 15/18
 20698 | Orc:2    | Killed an orc high priest
 21036 | Orc:2    | Found a staircase to the Elven Halls.
 21226 | Orc:2    | Found an opulent altar of Gozag.
 21228 | Orc:2    | Found Jaqe's Assorted Antiques.
 22109 | Orc:2    | Noticed a sun demon
 22140 | Orc:2    | Killed an orc sorcerer
 22163 | Orc:2    | Found Uwihazome's Antique Armour Shop.
 22163 | Orc:2    | Found Jore Oqu's Assorted Antiques.
 22187 | Orc:2    | Noticed a sixfirhy
 22193 | Orc:2    | Noticed a sixfirhy
 22195 | Orc:2    | HP: 2/51 [sixfirhy[an orc sorcerer] (4)]
 22195 | Orc:2    | Mangled by a sixfirhy
 22196 | Orc:2    | Reached XP level 10. HP: -9/48 MP: 0/26
 22314 | Orc:2    | Noticed an orange demon
 22353 | Orc:2    | Noticed a sun demon
 22624 | Orc:2    | Noticed an orange demon
 22630 | Orc:2    | Noticed a soul eater
 22639 | Orc:2    | Noticed a rust devil
 22732 | Orc:1    | HP: 2/48 [orc knight/+0 battleaxe (11)]
 22763 | Orc:2    | Demolished by an orc knight
 22764 | Orc:2    | Reached XP level 9. HP: -15/44 MP: 0/25
 22874 | D:10     | Entered Level 10 of the Dungeon
 23240 | D:10     | Found Vileisuf's Weapon Shoppe.
 23308 | D:10     | Reached skill level 5 in Transmutations
 24044 | D:11     | Noticed a two-headed ogre
 24062 | D:11     | Killed a two-headed ogre
 24062 | D:11     | Reached XP level 10. HP: 19/49 MP: 11/18
 24081 | D:11     | Reached skill level 5 in Spellcasting
 24238 | D:11     | Got a warped ruby amulet
 24244 | D:11     | Found a staircase to the Lair.
 24761 | D:11     | Learned a level 5 spell: Blade Hands
 24916 | D:11     | Noticed a two-headed ogre
 24924 | D:11     | Killed a two-headed ogre
 25249 | Lair:1   | Entered Level 1 of the Lair of Beasts
 25564 | Lair:1   | Reached skill level 12 in Stealth
 25824 | Lair:1   | Noticed a spiny frog
 25831 | Lair:1   | Killed a spiny frog
 25831 | Lair:1   | Reached XP level 11. HP: 52/52 MP: 19/19
 25971 | Lair:1   | Found a transporter.
 25980 | Lair:1   | Found a transporter.
 26317 | Lair:2   | Noticed Sonja
 26602 | Lair:2   | Killed Sonja
 27084 | Lair:2   | Noticed Nergalle
 27091 | Lair:2   | Killed Nergalle
 27622 | Lair:2   | HP: 2/53 [poisoned by a black mamba]
 28365 | Lair:2   | Gained mutation: Your thick and shaggy fur keeps you warm.
                  | (AC +3, rC+) [Felid growth]
 28365 | Lair:2   | Reached XP level 12. HP: 19/57 MP: 13/22
 28585 | Lair:2   | Identified the amulet "Rayky" {Gourm rN+} (You found it on
                  | level 11 of the Dungeon)
 29192 | Lair:3   | Noticed a death yak
 29193 | Lair:3   | Noticed a death yak
 29194 | Lair:3   | Noticed a death yak
 29466 | Lair:2   | Killed a death yak
 29624 | Lair:2   | Killed a death yak
 30085 | Lair:2   | Killed a death yak
 30608 | Lair:4   | Noticed a five-headed hydra
 31542 | Lair:1   | Noticed fritzmikael's ghost (journeyman OgWz)
 33045 | D:12     | Found the +5 scythe "Finisher" {speed, eviscerate}
 33046 | D:12     | Reached skill level 13 in Stealth
 33068 | D:12     | Found a runed translucent door.
 33080 | D:12     | Noticed Plazmod's ghost (journeyman DECj)
 33080 | D:12     | Noticed a yaktaur captain
 33131 | D:12     | Noticed a centaur warrior
 33165 | D:12     | Killed a centaur warrior
 33881 | D:12     | Noticed Frances
 34114 | D:12     | Killed from afar by Frances

Levels and vault maps discovered:
D:1:      minmay_arrival_three_doors, layout_basic
D:2:      minmay_diamond_boxcup, layout_loops_ring,
          chequers_ecumenical_altar_grove, chequers_hall_statues_y, uniq_sigmund
D:3:      layout_loops_ring
D:4:      layout_loops_ring, minmay_manual_mares, uniq_crazy_yiuf_cottage
D:5:      layout_cave_pods, nicolae_ossuary_entry_catacombs, first_ration
D:6:      layout_gridville, gammafunk_temple_overflow_arena, serial_shops,
          shop_statue, lightli_sewer_entry_pipes
D:7:      layout_loops_corners, minmay_temple_entry_arrows, basic_altar,
          the_bakery
D:8:      layout_loops_cross, cheibrodos_worm_habitat, led_sif_pool,
          uniq_psyche, uniq_grum
D:9:      layout_roguey, erik_orc_3, uniq_maurice
D:10:     layout_basic, serial_shops, nicolae_shop_window_shopping
D:11:     layout_gridville, lair_entry_dummy
D:12:     layout_gridville, ebering_ghost_inner_flame,
          minmay_guarded_unrand_finisher, uniq_frances, uniq_josephine
Temple:   dpeg_five_rooms_temple
Lair:1:   layout_roguey, gammafunk_ghost_hive, chequers_serial_rivers_micro_d,
          columned_hall_lemuel, st_stairs_5
Lair:2:   kb_forest_paths, layout_regular_city, uniq_nergalle, uniq_sonja
Lair:3:   layout_big_grid
Lair:4:   regret_index_tunnel_blossom, layout_gridlike, swamp_mist,
          spider_nest_entry_rubble, st_stairs_9, zaba_anthole,
          minmay_lair_oklob_chamber
Orc:1:    layout_caves, serial_shops, nicolae_shop_crystal,
          nicolae_shop_overgrown_old_shop, nicolae_shop_trees, shop
Orc:2:    grunt_orc_tribal_feast, layout_caves, ebering_ghost_gozag

Skill      XL: |  1  2  3  4  5  6  7  8  9 10 11 12 |
---------------+-------------------------------------+-----
Stealth        | 3 4 5 6 7 8 9 12 13 | 13.1
Unarmed Combat | 4 5 6 7 10 9 12 | 12.9
Dodging        | 5 6 7 8 11 12 | 12.1
Fighting       | 4 5 6 8 9 |  9.6
Evocations     | 1 2 3 4 5 6 7 |  7.0
Spellcasting   | 2 5 6 |  6.4
Transmutations | 5 4 6 7 |  7.0

Action                   |  1- 3 |  4- 6 |  7- 9 | 10-12 || total
-------------------------+-------+-------+-------+-------++-------
Melee: Unarmed           |    83 |   162 |   694 |  1202 ||  2141
       Punch             |     4 |     2 |    22 |    76 ||   104
       Bite              |     6 |    17 |    77 |   156 ||   256
       Headbutt          |       |       |    20 |   257 ||   277
Evoke: Wand              |       |       |     4 |    10 ||    14
  Use: Scroll            |       |     9 |     8 |     7 ||    24
       Potion            |       |     4 |     1 |     7 ||    12
 Stab: Sleeping          |    12 |    12 |    49 |    36 ||   109
       Distracted        |       |     1 |     2 |     6 ||     9
       Paralysed         |       |       |     2 |     2 ||     4
  Eat: Chunk             |     9 |     4 |    40 |    45 ||    98
Armor: Skin              |     2 |    12 |    36 |    47 ||    97
Dodge: Dodged            |    66 |   111 |   529 |  1156 ||  1862
